 Dungeon Crawl Stone Soup version 0.28.0-53-g5a82cb258f (webtiles) character file.

Game seed: 9544792692699125580

74 MiltankisOP the Magician (level 4, -1/21 HPs)
             Began as a Spriggan Fire Elementalist on July 12, 2022.
             Slain by Jessica
             ... wielding a +0 dagger
              (5 damage)
             ... on level 2 of the Dungeon.
             The game lasted 00:05:34 (1961 turns).

MiltankisOP the Magician (SpFE)                     Turns: 1961, Time: 00:05:35

Health: -1/21      AC:  0    Str:  4    XL:     4   Next: 9%
Magic:  10/10      EV: 15    Int: 18    God:
Gold:   59         SH:  0    Dex: 15    Spells: 9/10 levels left

rFire   . . .      SeeInvis +   (weapon currently unavailable)
rCold   . . .      Faith    .   (shield currently unavailable)
rNeg    . . .      Spirit   .   (armour currently unavailable)
rPois   .          Reflect  .   (helmet currently unavailable)
rElec   .          Harm     .   (cloak currently unavailable)
rCorr   .          Rampage  .   (gloves unavailable)
Will    .....                   (boots unavailable)
Stlth   ++........              (no amulet)
HPRegen 0.07/turn               (ring currently unavailable)
MPRegen 0.12/turn               (ring currently unavailable)

@: pig-form, very quick
A: fast, no casting, small, no large weapons, unfitting armour, see invisible,
(speed 3)
a: no special abilities


You were on level 2 of the Dungeon.
You were a filthy swine.
You visited 1 branch of the dungeon, and saw 2 of its levels.

You collected 59 gold pieces.

Inventory:

Armour
 a - a +0 robe (melded)
Jewellery
 i - a +6 ring of strength
Scrolls
 b - a scroll of magic mapping {unknown}
 c - a scroll of identify {unknown}
 e - 2 scrolls of fear {unknown}
 g - a scroll of blinking {unknown}
 h - a scroll of enchant weapon {unknown}
 j - a scroll of fog {unknown}
Potions
 d - a potion of magic {unknown}
 f - a potion of heal wounds {unknown}


   Skills:
 - Level 2.6 Dodging
 - Level 3.0 Stealth
 + Level 3.8 Spellcasting
 + Level 1.7 Conjurations
 + Level 3.1 Fire Magic


You had 9 spell levels left.
You knew the following spells:

 Your Spells              Type           Power      Damage    Failure   Level
a - Foxfire               Conj/Fire      48%        2x1d6     5%          1

Your spell library contained the following spells:

 Spells                   Type           Power      Damage    Failure   Level
 Scorch                   Fire           28%        2d6       6%          2
 Conjure Flame            Conj/Fire      12%        6-21      17%         3
 Inner Flame              Hex/Fire       9%         N/A       24%         3
 Flame Wave               Conj/Fire      12%        2d6       50%         4


Dungeon Overview and Level Annotations

Branches:
Dungeon (2/15)

Altars:

Annotations:
D:2 Jessica


Innate Abilities, Weirdness & Mutations

You are a filthy swine.
You move quickly.
Your equipment is almost entirely melded.
You are incapable of wielding weapons or throwing items.
You cannot cast spells.
You are very small and have problems with some larger weapons.
You are too small for most types of armour.
You have supernaturally acute eyesight. (SInv)
((You cover ground extremely quickly. (Speed+++)))


Message History

Casting: Foxfire (safe; 5% risk of failure)
Confirm with . or Enter, or press ? or * to list all spells.
You conjure some foxfire!
The endoplasm quivers.
The foxfire hits the endoplasm.
You kill the endoplasm!
Jessica the Apprentice Sorceress comes into view.
She is wielding a +0 dagger and carrying a wand of polymorph (9).
Found 12 stones.
Jessica is nearby!
Casting: Foxfire (safe; 5% risk of failure)
Confirm with . or Enter, or press ? or * to list all spells.
You conjure some foxfire!
Jessica shouts!
Your foxfire dissipates!
The foxfire hits Jessica but does no damage.
You closely miss Jessica. Jessica hits you with a +0 dagger.
You hit Jessica but do no damage. Jessica barely misses you.
You hit Jessica but do no damage.
Jessica zaps a wand.
You turn into a filthy swine.
Your +0 robe melds into your body.
You can't do that in your present form.
You closely miss Jessica. Jessica hits you with a +0 dagger.
You hit Jessica but do no damage.
Jessica casts a spell.
Jessica seems to speed up.
You hit Jessica but do no damage. Jessica closely misses you. x2
You hit Jessica.
Jessica is moderately wounded.
Jessica barely misses you.
You hit Jessica.
Jessica is moderately wounded.
Jessica hits you with a +0 dagger.
You closely miss Jessica.
Jessica is moderately wounded.
Jessica hits you with a +0 dagger.
* * * LOW HITPOINT WARNING * * *
Jessica misses you.
You closely miss Jessica.
Jessica is moderately wounded.
Jessica hits you with a +0 dagger.
You die...

###########
#.........###
#............
#.........#
#...@....#
#.(..h...#
#........#
#........+
#........#
########.#
#.###+#####
#.........###
##......#...###
#.##...#.#...#


You could see Jessica (fast).

Vanquished Creatures
  Terence (D:2)
  A dart slug (D:2)
  An orc (D:2)
  3 bats (D:1)
  6 endoplasms
  A giant cockroach (D:1)
  A goblin (D:1)
  3 hobgoblins
  8 jackals
  A kobold (D:1)
  2 quokkas (D:1)
  2 ball pythons
  4 frilled lizards (D:1)
  8 rats (D:1)
42 creatures vanquished.

Vanquished Creatures (others)
  99 foxfires
99 creatures vanquished.

Grand Total: 141 creatures vanquished

Notes
Turn   | Place    | Note
-------+----------+-------------------------------------------
     0 | D:1      | MiltankisOP the Spriggan Fire Elementalist began the quest
                  | for the Orb.
     0 | D:1      | Reached XP level 1. HP: 9/9 MP: 5/5
   332 | D:1      | Reached skill level 1 in Conjurations
   347 | D:1      | Reached XP level 2. HP: 13/13 MP: 1/7
  1270 | D:1      | Reached XP level 3. HP: 16/16 MP: 5/8
  1693 | D:2      | Noticed Terence
  1751 | D:2      | Killed Terence
  1757 | D:2      | Reached XP level 4. HP: 18/21 MP: 0/10
  1946 | D:2      | Noticed Jessica
  1961 | D:2      | Slain by Jessica

Illustrated notes

Levels and vault maps discovered:
D:1:      sevenhm_arrival_forest_fort_small_3, layout_basic
D:2:      layout_rooms, shapermc_ecumenical_altar_flowoftime,
          kennysheep_generic_room_13, uniq_terence, uniq_jessica

Skill      XL: |  1  2  3 |
---------------+----------+-----
Conjurations   | 1 |  1.7
Spellcasting   | 3 |  3.8
Fire Magic     | 3 |  3.1
Dodging        | |  2.6
Stealth        | |  3.0

Action                   |  1- 3 |  4- 6 || total
-------------------------+-------+-------++-------
Melee: Unarmed           |    39 |    18 ||    57
       Punch             |     2 |       ||     2
 Cast: Foxfire           |    67 |     3 ||    70
 Stab: Sleeping          |     2 |       ||     2
Armor: Robe              |    12 |       ||    12
Dodge: Dodged            |    55 |     9 ||    64
